 Dungeon Crawl Stone Soup version 0.30-a0-1114-gd936c97349 (webtiles) character file.

Game seed: 4260047679980143518

375 gelatine the Stinger (level 6, 0/43 HPs)
             Began as a Demonspawn Venom Mage on Apr 20, 2023.
             Was a Believer of Vehumet.
             Slain by Grinder (7 damage)
             ... on level 3 of the Dungeon.
             The game lasted 00:08:39 (3555 turns).

gelatine the Stinger (Demonspawn Venom Mage)        Turns: 3555, Time: 00:08:41

Health: 0/43       AC:  7    Str: 15    XL:     6   Next: 44%
Magic:  7/11       EV: 12    Int: 24    God:    Vehumet [**....]
Gold:   121        SH:  0    Dex: 13    Spells: 8/12 levels left

rFire   . . .      SeeInvis .    j - +0 short sword
rCold   . . .      Faith    .    (no shield)
rNeg    . . .      Spirit   .    a - +0 robe
rPois   .          Reflect  .    (no helmet)
rElec   .          Rampage  .    l - +1 cloak
rCorr   .                        (no gloves)
Will    .....                    k - +2 pair of boots
Stlth   ++                       (no amulet)
HPRegen 0.27/turn                g - +6 ring of strength
MPRegen 0.12/turn                i - +6 ring of intelligence

@: no status effects
A: weakness stinger 1
a: Renounce Religion


You were on level 3 of the Dungeon.
You worshipped Vehumet.
Vehumet was pleased with you.
You visited 1 branch of the dungeon, and saw 3 of its levels.

You collected 121 gold pieces.

Inventory:

Hand Weapons
 e - a +0 hand axe
 f - a +0 dagger
 j - a +0 short sword (weapon)
Armour
 a - a +0 robe (worn)
 k - a +2 pair of boots (worn)
 l - a +1 cloak (worn)
Jewellery
 g - a +6 ring of strength (left hand)
 i - a +6 ring of intelligence (right hand)
Scrolls
 c - a scroll of silence
 d - a scroll of poison
 m - a scroll of blinking {unknown}
 n - a scroll of brand weapon {unknown}
 p - 2 scrolls of acquirement {unknown}
 q - a scroll of fear {unknown}
 r - a scroll of identify
Potions
 b - a potion of magic
 h - a potion of mutation
 o - 2 potions of might {unknown}
 s - a potion of attraction {unknown}


   Skills:
 * Level 1.4 Fighting
 * Level 1.0 Short Blades
 * Level 1.1 Armour
 * Level 2.4 Dodging
 * Level 2.7 Stealth
 * Level 3.5 Spellcasting
 * Level 2.3 Transmutations
 * Level 0.4 Air Magic
 * Level 4.2 Poison Magic


You had 8 spell levels left.
You knew the following spells:

 Your Spells              Type           Power      Damage    Failure   Level
a - Sting                 Tmut/Pois      80%        1d7       2%          1
b - Poisonous Vapours     Pois/Air       30%        N/A       6%          2
c - Shock                 Conj/Air       20%        1d4       10%         1

Your spell library contained the following spells:

 Spells                   Type           Power      Damage    Failure   Level
 Kiss of Death            Conj/Necr      16%        2d6       11%         1
 Beastly Appendage        Tmut           30%        N/A       4%          1
 Wereblood                Tmut           15%        N/A       6%          2
 Spider Form              Tmut/Pois      20%        N/A       8%          3
 Mephitic Cloud           Conj/Pois/Air  11%        N/A       16%         3
 Olgreb's Toxic Radiance  Pois           24%        N/A       19%         4


Dungeon Overview and Level Annotations

Branches:
Dungeon (3/15)

Altars:
Sif Muna
Vehumet

Annotations:
D:3 Grinder


Innate Abilities, Weirdness & Mutations

You have a small tail.


Message History

Aim: Grinder (heavily wounded, 60% to hit)
The zap misses Grinder.
Grinder closely misses you.
Casting: Shock (safe; 10% risk of failure)
Confirm with . or Enter, or press ? or * to list all spells.
Aiming: Shock (safe; 10% risk of failure)
Press: ? - help, Shift-Dir - straight line, f/p - Grinder
Aim: Grinder (heavily wounded, 60% to hit)
The zap hits Grinder.
Grinder is heavily wounded.
Grinder gestures at you. You resist with significant effort.
You hit Grinder.
Grinder is severely wounded.
Grinder hits you!
* * * LOW HITPOINT WARNING * * *
You hit Grinder but do no damage.
Grinder is severely wounded.
Grinder hits you.
* * * LOW HITPOINT WARNING * * *
You writhe in agony.
* * * LOW HITPOINT WARNING * * *
Casting: Shock (safe; 10% risk of failure)
Confirm with . or Enter, or press ? or * to list all spells.
Aiming: Sting (safe; 2% risk of failure)
Press: ? - help, Shift-Dir - straight line, f/p - Grinder
Aim: Grinder (severely wounded, 73% to hit)
The sting hits Grinder.
Grinder partially resists.
Grinder is severely wounded.
Grinder hits you but does no damage.
Unknown command.
Okay, then.
Casting: Sting (safe; 2% risk of failure)
Confirm with . or Enter, or press ? or * to list all spells.
Aiming: Sting (safe; 2% risk of failure)
Press: ? - help, Shift-Dir - straight line, f/p - Grinder
Aim: Grinder (severely wounded, 73% to hit)
The sting hits Grinder.
Grinder partially resists.
Grinder is severely wounded.
Grinder hits you!
You die...

####'####'##.####.#.........#
.......................######
............#####.###.##
.....÷.....## #.# ###
####'####'## #.#
.#.....#..#######.#
.#.....#..#...)...#
##.....####.......#
.#.....#†.######@.#
.†.....'..# #$.5........
##'###'#### #.##..#####.
#..#..# .. #... #..#..# ..#
..... ####### . ....## #..##
...#


You could see Grinder.

Vanquished Creatures
  Sigmund (D:2)
  Natasha (twice) (D:3)
  10 adders
  4 dart slugs
  An orc (D:3)
  11 ball pythons
  2 endoplasms (D:1)
  4 giant cockroaches
  5 goblins
  6 hobgoblins
  5 jackals
  5 kobolds
  3 quokkas
  2 bats
  2 rats
63 creatures vanquished.

Vanquished Creatures (others)
  A fungus (D:1)
1 creature vanquished.

Grand Total: 64 creatures vanquished

Notes
Turn   | Place    | Note
-------+----------+-------------------------------------------
     0 | D:1      | gelatine the Demonspawn Venom Mage began the quest for the
                  | Orb.
     0 | D:1      | Reached XP level 1. HP: 13/13 MP: 3/3
   300 | D:1      | Discovered your monstrous ancestry.
   300 | D:1      | Gained mutation: You have a small tail. [demonic ancestry]
   300 | D:1      | Reached XP level 2. HP: 19/19 MP: 1/5
   379 | D:1      | Reached skill level 1 in Transmutations
   555 | D:1      | Found a faded altar of an unknown god.
   960 | D:1      | Reached XP level 3. HP: 24/24 MP: 4/6
  1089 | D:1      | Prayed at the altar of an unknown god.
  1089 | D:1      | Became a worshipper of Vehumet
  1089 | D:1      | Reached * piety under Vehumet
  1089 | D:1      | Offered knowledge of Shock by Vehumet.
  1298 | D:2      | Noticed Sigmund
  1314 | D:2      | HP: 1/22 [Sigmund/magic dart (5)]
  1319 | D:2      | Killed Sigmund
  1320 | D:2      | Reached skill level 1 in Fighting
  1320 | D:2      | Reached XP level 4. HP: 3/32 MP: 0/8
  1320 | D:2      | Reached XP level 5. HP: 3/37 MP: 0/9
  1562 | D:2      | Learned a level 2 spell: Poisonous Vapours
  1564 | D:2      | Learned a level 1 spell: Shock
  1573 | D:2      | Reached skill level 1 in Armour
  2434 | D:3      | Noticed Natasha
  2439 | D:3      | Killed Natasha
  2440 | D:3      | Reached skill level 4 in Poison Magic
  2558 | D:3      | Noticed Natasha
  2563 | D:3      | Killed Natasha
  2564 | D:3      | Reached XP level 6. HP: 36/43 MP: 3/11
  3154 | D:3      | Reached skill level 1 in Short Blades
  3295 | D:3      | Found a shimmering blue altar of Sif Muna.
  3391 | D:3      | Offered knowledge of Kiss of Death by Vehumet.
  3445 | D:3      | Reached ** piety under Vehumet
  3537 | D:3      | Noticed Grinder
  3546 | D:3      | Paralysed by Grinder for 2 turns
  3555 | D:3      | Slain by Grinder

Illustrated notes

Levels and vault maps discovered:
D:1:      dpeg_cavernosity, layout_rooms, shapermc_ecumenical_altar_mp_vishouse,
          minmay_tiny_reverse_x
D:2:      layout_loops_ring, basic_altar, uniq_sigmund
D:3:      layout_loops_corners, nicolae_sif_muna_little_library,
          minmay_snake_closets, uniq_natasha, uniq_grinder

Skill      XL: |  1  2  3  4  5  6 |
---------------+-------------------+-----
Stealth        | 2 |  2.7
Transmutations | 1 2 |  2.3
Dodging        | 2 |  2.4
Fighting       | 1 |  1.4
Spellcasting   | 3 |  3.5
Armour         | 1 |  1.1
Poison Magic   | 4 |  4.2
Short Blades   | 1 |  1.0
Air Magic      | |  0.4

Action                     |  1- 3 |  4- 6 || total
---------------------------+-------+-------++-------
  Melee: Hand axe          |     3 |       ||     3
         Unarmed           |     1 |       ||     1
         Dagger            |    10 |       ||    10
         Short sword       |    12 |    15 ||    27
         Tailslap          |     5 |     1 ||     6
   Cast: Sting             |    40 |    78 ||   118
         Shock             |       |    19 ||    19
         Poisonous Vapours |       |     7 ||     7
    Use: Scroll            |     3 |     3 ||     6
         Potion            |     3 |       ||     3
 Armour: Robe              |     5 |    13 ||    18
  Dodge: Dodged            |    30 |    27 ||    57

Table legend: (Time is in decaauts)
 A = Elapsed time spent in this place.
 B = Non-inter-level travel time spent in this place.
 C = Inter-level travel time spent in this place.
 D = Time resting spent in this place.
 E = Time spent auto-exploring this place.
 F = Levels seen in this place.
 G = Mean time per level.
                   A        B        C        D        E       F      G
               +--------+--------+--------+--------+--------+-----+--------+
         Total |   3563 |   3337 |    226 |      0 |   2822 |   3 | 1187.7 |
       Dungeon |   3563 |   3337 |    226 |      0 |   2822 |   3 | 1187.7 |
               +--------+--------+--------+--------+--------+-----+--------+

Top non-repeatable levels by time:
     D:1: 1299 daAuts
     D:3: 1160 daAuts
     D:2: 1104 daAuts
